Map: Abyssal Reef LE

Players

SpeCial - Winner!

  • Race: Terran Terran
  • Spawn Location: 5:00

Neeb

  • Race: Protoss Protoss
  • Spawn Location: 11:00

Event: WCS Austin 2017

VOD

Have the link to the VOD?

Description

Time

  • Played on: April 30, 2017, 11:38 a.m.
  • Length: 20:24

All games in this series

Show
View Real Time Build Order
Export as new Build Order

SpeCial Terran - Winner!

Build Orders: Reaper Expand, MMM Bio 

Get SALT Encoding   

  12  0:00  SCV  
  13  0:12  SCV  
  14  0:17  Supply Depot  
  14  0:25  SCV  
  15  0:30  Refinery  
  15  0:38  SCV  
  16  0:44  Barracks  
  16  0:50  SCV  
  17  1:02  SCV  
  18  1:15  SCV  
  19  1:32  Reaper, Orbital Command  
  20  1:43  Command Center  
  20  1:54  Factory  
  20  1:58  SCV  
  21  2:09  Barracks Reactor  
  21  2:10  SCV  
  21  2:14  Supply Depot  
  22  2:22  SCV  
  23  2:30  Refinery, Engineering Bay  
  23  2:35  SCV  
  24  2:38  Hellion  
  26  2:48  Starport  
  26  2:49  SCV  
  26  2:56  Orbital Command  
  26  2:59  Marine  
  26  3:01  Marine  
  28  3:06  Widow Mine  
  28  3:12  SCV  
  31  3:19  Marine x2  
  33  3:24  SCV x2  
  35  3:28  Medivac  
  37  3:37  Marine x2  
  40  3:41  SCV x2  
  40  3:48  Supply Depot  
  41  3:55  Marine, SCV x2  
  42  3:56  Marine  
  42  4:00  Widow Mine  
  46  4:05  Viking  
  46  4:09  Bunker, SCV x2  
  48  4:11  Supply Depot  
  48  4:15  Marine x2  
  50  4:22  SCV x2  
  51  4:32  Marine  
  51  4:33  Marine  
  51  4:35  SCV  
  51  4:36  SCV  
  55  4:47  SCV  
  55  4:48  SCV  
  55  4:50  Marine x2  
  59  4:59  SCV  
  56  5:00  SCV  
  57  5:08  Marine x2  
  57  5:11  SCV  
  57  5:12  Command Center, SCV  
  60  5:15  Widow Mine  
  59  5:23  SCV  
  59  5:24  SCV  
  57  5:30  Supply Depot  
  57  5:34  Barracks  
  57  5:35  Marine x2, SCV  
  59  5:36  SCV  
  59  5:39  Starport Tech Lab  
  61  5:43  Barracks  
  61  5:47  SCV  
  62  5:52  SCV  
  62  5:53  Marine x2  
  62  5:54  Supply Depot  
  62  5:55  Factory Tech Lab, Engineering Bay  
  65  5:59  SCV  
  66  6:04  SCV  
  66  6:11  Starport Reactor, Marine x2, SCV  
  67  6:16  SCV  
  70  6:23  SCV  
  70  6:24  Factory Reactor  
  71  6:26  Supply Depot  
  71  6:27  Orbital Command  
  71  6:28  Marine  
  71  6:29  Marine  
  71  6:31  Terran Infantry Weapons Level 1  
  71  6:32  Barracks  
  71  6:33  Barracks, Marine  
  71  6:34  Stimpack  
  71  6:40  Missile Turret  
  71  6:41  Combat Shields, Marine  
  71  6:43  SCV x2  
  71  6:46  Marine x2  
  76  6:49  Missile Turret  
  76  6:51  Marine  
  76  6:53  Medivac  
  76  6:54  Medivac  
  81  6:58  SCV  
  81  6:59  Marine  
  83  7:04  Marine x2  
  83  7:06  Orbital Command  
  74  7:11  Marine  
  74  7:12  Widow Mine x2  
  74  7:15  SCV x2  
  81  7:17  Refinery, Marine  
  81  7:22  Marine x2  
  84  7:23  Barracks Reactor, Barracks Tech Lab  
  84  7:26  Medivac  
  84  7:27  Medivac, SCV x2  
  84  7:29  Marine  
  91  7:35  Marine  
  90  7:39  SCV  
  90  7:40  Marine x2  
  90  7:43  SCV x2  
  94  7:47  Widow Mine, Marine  
  94  7:48  Widow Mine, Engineering Bay  
  94  7:49  Armory  
  99  7:52  SCV  
  99  7:55  SCV  
  101  7:59  Supply Depot  
  101  8:03  SCV  
  101  8:04  SCV  
  103  8:05  Marine x2  
  103  8:06  Marine x2  
  103  8:07  Marauder  
  109  8:15  Starport  
  109  8:16  Refinery  
  109  8:20  SCV x3  
  109  8:21  Supply Depot x3, Marauder x2  
  109  8:27  Marine  
  117  8:34  SCV  
  117  8:36  Marine  
  117  8:37  Marine, SCV  
  117  8:38  Marine  
  117  8:40  Marauder  
  117  8:41  SCV  
  117  8:43  Marauder x2  
  117  8:44  Marine  
  117  8:46  SCV  
  118  8:52  Refinery, Medivac x2  
  118  8:53  Marine  
  118  8:55  Marine  
  120  8:56  Marine  
  120  9:02  Marauder, Marine  
  123  9:08  Marine x2  
  123  9:09  Terran Infantry Weapons Level 2  
  126  9:11  Marine, SCV x3  
  126  9:13  Refinery  
  126  9:15  Supply Depot  
  126  9:16  Supply Depot, Missile Turret  
  128  9:20  Command Center  
  128  9:23  Marauder  
  130  9:24  Medivac, Missile Turret  
  130  9:26  Marauder  
  130  9:31  SCV x2  
  136  9:33  Barracks, SCV  
  136  9:35  Barracks  
  136  9:36  Missile Turret, Marine  
  136  9:37  Marine  
  141  9:38  Marauder  
  141  9:39  Supply Depot, Marine  
  141  9:40  Supply Depot  
  141  9:42  Viking  
  141  9:43  SCV x2  
  141  9:44  Marauder  
  144  9:46  Viking  
  144  9:47  Viking  
  144  9:48  Marauder  
  150  9:55  Supply Depot, Terran Infantry Armor Level 1, Terran Ship Weapons Level 1  
  150  9:58  Viking  
  150  10:10  Marine x4  
  150  10:13  Viking, Marauder x2  
  160  10:17  Medivac  
  160  10:21  Marauder  
  162  10:27  Barracks Tech Lab  
  162  10:28  Marine  
  155  10:29  Barracks Reactor  
  155  10:34  Marauder  
  157  10:37  Missile Turret, Planetary Fortress  
  157  10:40  Ghost Academy  
  157  10:42  Medivac  
  159  10:48  Medivac  
  161  10:51  Marine x2  
  161  10:52  Marine x3  
  166  10:59  Marauder, Marine x2  
  164  11:06  Marine  
  164  11:09  Marine x3  
  164  11:10  Marauder  
  160  11:15  Marine x2  
  160  11:16  Viking x2  
  160  11:17  Medivac, Marauder x2  
  169  11:21  Marauder  
  169  11:24  Marine  
  172  11:27  Marine x3  
  172  11:32  Marauder  
  171  11:33  Marine x2  
  171  11:37  Terran Infantry Weapons Level 3  
  171  11:39  Marauder x2  
  177  11:42  Marauder, Marine  
  177  11:44  Missile Turret  
  177  11:45  Medivac, Marine x3  
  185  11:50  Viking  
  185  11:51  Marine  
  185  11:53  Marauder  
  190  11:56  Marine  
  190  11:59  Marine  
  190  12:00  Medivac, Marauder  
  195  12:02  Marauder  
  195  12:05  Marauder, Marine  
  186  12:27  Liberator  
  175  12:41  Supply Depot x2  
  172  12:44  Marauder, Marine, Command Center  
  172  12:45  Liberator  
  172  12:47  Marauder  
  172  12:49  Marine x2  
  172  12:55  Viking x2, Marauder x2  
  180  13:05  Ghost  
  183  13:07  Supply Depot  
  183  13:08  Marauder  
  184  13:13  Marine  
  184  13:17  Marauder  
  184  13:18  Supply Depot  
  187  13:24  Refinery  
  187  13:25  Viking x2  
  191  13:27  Viking  
  193  13:39  Marauder, Marine  
  193  13:40  Marine  
  197  13:43  Marauder, Marine  
  193  14:03  Marauder, Marine x2  
  197  14:10  Marauder, Marine  
  197  14:15  Missile Turret  
  197  14:22  Marauder, Marine  
  196  14:27  Marauder, Marine x2  
  200  14:38  Planetary Fortress  
  200  14:40  Refinery  
  200  14:44  Starport  
  200  14:46  Fusion Core  
  200  14:51  Command Center  
  198  14:55  Marauder  
  170  15:10  Marauder, Marine x2  
  170  15:11  Marauder, Marine  
  170  15:12  Marauder  
  153  15:18  Marauder, Marine x3  
  153  15:20  Medivac x2  
  140  15:25  Medivac x2  
  140  15:26  Starport Tech Lab  
  140  15:28  Marine x2  
  131  15:29  Terran Ship Weapons Level 2, Marine, Terran Infantry Armor Level 2  
  131  15:32  Marauder x2  
  131  15:33  Marauder  
  139  15:35  Marine  
  139  15:36  Marine x2  
  139  15:39  Marauder  
  139  15:41  Concussive Shells  
  144  15:45  Marine  
  144  15:46  Marine  
  144  15:47  Marine  
  144  15:49  Liberator  
  143  15:50  Medivac x2  
  143  15:53  Ghost, Marauder, Marine x2  
  143  15:54  Ghost, Marine  
  156  16:01  Marauder  
  156  16:03  Marine  
  155  16:04  Marine  
  155  16:05  Marine  
  145  16:11  Marine x2  
  145  16:15  Marauder  
  146  16:22  Marauder x2  
  146  16:23  Marine  
  146  16:24  Marauder, Marine x2  
  144  16:33  Marine x2  
  144  16:35  Liberator  
  144  16:36  Marauder  
  146  16:43  Marine x2  
  146  16:44  Marauder  
  153  16:57  Liberator  
  152  17:06  Ghost x2  
  155  17:08  Marine  
  158  17:20  Viking  
  143  17:25  Marauder, Marine  
  135  17:31  Marauder, Marine  
  135  17:33  Marine  
  133  17:41  Marauder, Marine  
  133  17:42  Liberator  
  133  17:43  Marine  
  137  17:47  Marine x2  
  137  17:49  Marine  
  139  18:02  Marine  
  139  18:03  Marauder, Marine x2  
  123  18:13  Marauder x2  
  123  18:14  Marine  
  123  18:16  Marine  
  122  18:24  Marauder, Marine  
  122  18:25  Marine x2  
  99  18:32  Marine  
  89  18:34  Marauder x2  
  89  18:36  Marine  
  89  18:37  Orbital Command  
  82  18:42  Marine  
  82  18:43  Marine  
  82  18:46  Marauder  
  86  18:50  Marine  
  86  18:54  Marine  
  82  18:56  Marauder x2  
  82  19:00  Marine  
  82  19:01  Marine  
  87  19:05  Planetary Fortress  
  87  19:07  Marauder  
  87  19:08  Marine  
  80  19:12  Marine  
  68  19:17  Marauder, Marine  
  68  19:18  Marine  
  68  19:19  Marine  
  73  19:26  Marine  
  72  19:32  Marauder  
  72  19:33  Marine  
  72  19:35  Marauder  
  57  19:39  Marauder, Marine  
  57  19:44  Marine x2  
  56  19:51  Marine  
  55  19:54  Marauder  
  55  19:56  Marine  
  55  19:57  Marine  
  58  20:00  Marauder  
  58  20:02  Marine x2  
Show
View Real Time Build Order
Export as new Build Order

Neeb Protoss 

Build Orders: 1 Gate Expand, Oracle Opening 

Get SALT Encoding   

  12  0:00  Probe (Chrono Boost)  
  13  0:11  Probe (Chrono Boost)  
  14  0:17  Pylon  
  14  0:22  Probe (Chrono Boost)  
  15  0:35  Probe (Chrono Boost)  
  16  0:36  Gateway  
  16  0:42  Assimilator  
  16  0:46  Probe (Chrono Boost)  
  17  0:56  Probe (Chrono Boost)  
  18  1:07  Probe (Chrono Boost)  
  19  1:20  Nexus  
  19  1:23  Probe (Chrono Boost)  
  20  1:32  Cybernetics Core  
  20  1:36  Probe (Chrono Boost)  
  21  1:44  Assimilator  
  21  1:46  Probe (Chrono Boost)  
  22  1:51  Pylon  
  22  1:57  Probe (Chrono Boost)  
  23  2:06  Adept  
  23  2:11  Probe (Chrono Boost)  
  27  2:23  Probe (Chrono Boost)  
  27  2:24  Stargate  
  27  2:32  Warp Gate, Adept  
  27  2:35  Probe x2 (Chrono Boost)  
  31  2:46  Probe (Chrono Boost)  
  31  2:47  Probe (Chrono Boost)  
  33  2:56  Probe (Chrono Boost)  
  35  2:59  Probe (Chrono Boost), Adept  
  37  3:06  Oracle  
  37  3:07  Probe (Chrono Boost)  
  37  3:12  Probe (Chrono Boost)  
  42  3:17  Probe (Chrono Boost)  
  42  3:19  Pylon  
  43  3:24  Probe (Chrono Boost)  
  44  3:28  Probe (Chrono Boost)  
  45  3:36  Probe (Chrono Boost)  
  45  3:38  Probe (Chrono Boost)  
  47  3:41  Oracle  
  47  3:48  Probe (Chrono Boost)  
  50  3:49  Probe (Chrono Boost)  
  51  4:00  Probe (Chrono Boost)  
  51  4:03  Probe (Chrono Boost)  
  52  4:12  Probe (Chrono Boost)  
  53  4:19  Assimilator  
  53  4:20  Pylon  
  53  4:21  Nexus  
  53  4:22  Pylon  
  53  4:27  Pylon  
  54  4:32  Probe (Chrono Boost)  
  54  4:34  Phoenix  
  58  4:38  Mothership Core (Chrono Boost)  
  58  4:40  Pylon  
  58  4:44  Probe (Chrono Boost)  
  57  4:46  Adept  
  59  4:56  Probe x2 (Chrono Boost)  
  59  4:59  Phoenix  
  61  5:07  Probe (Chrono Boost)  
  61  5:08  Probe (Chrono Boost)  
  61  5:17  Assimilator  
  61  5:19  Twilight Council, Forge  
  61  5:20  Probe x2 (Chrono Boost)  
  63  5:22  Gateway  
  63  5:23  Gateway  
  63  5:24  Phoenix, Adept  
  67  5:31  Probe (Chrono Boost)  
  67  5:33  Probe (Chrono Boost)  
  67  5:35  Probe (Chrono Boost)  
  70  5:41  Probe (Chrono Boost)  
  71  5:43  Protoss Ground Weapons Level 1  
  71  5:45  Probe (Chrono Boost), Pylon  
  71  5:46  Probe (Chrono Boost), Phoenix  
  71  5:47  Resonating Glaives  
  71  5:48  Adept  
  71  5:49  Pylon  
  77  5:52  Probe (Chrono Boost)  
  79  5:57  Probe (Chrono Boost)  
  79  5:58  Probe (Chrono Boost)  
  81  6:04  Probe (Chrono Boost)  
  81  6:08  Phoenix  
  81  6:09  Probe (Chrono Boost)  
  84  6:21  Probe x2 (Chrono Boost)  
  84  6:22  Probe (Chrono Boost)  
  84  6:24  Gateway  
  87  6:29  Gateway  
  87  6:30  Gateway, Phoenix  
  87  6:31  Sentry  
  87  6:32  Pylon  
  89  6:34  Pylon  
  93  6:41  Assimilator, Probe x2 (Chrono Boost)  
  93  6:42  Assimilator, Robotics Facility  
  93  6:44  Probe (Chrono Boost)  
  94  6:51  Phoenix  
  95  6:54  Probe (Chrono Boost)  
  95  6:58  Probe (Chrono Boost)  
  95  6:59  Probe (Chrono Boost)  
  99  7:06  Probe (Chrono Boost)  
  97  7:10  Probe (Chrono Boost)  
  97  7:13  Pylon x2  
  98  7:17  Gateway, Phoenix  
  98  7:18  Gateway  
  98  7:20  Pylon  
  100  7:23  Pylon  
  100  7:24  Protoss Ground Armor Level 1  
  100  7:26  Adept x5  
  100  7:27  Pylon  
  100  7:28  Blink  
  110  7:39  Phoenix  
  110  7:40  Warp Prism  
  112  7:48  Sentry  
  114  7:53  Nexus  
  114  7:54  Adept x3  
  120  8:00  Pylon  
  120  8:14  Adept x3  
  120  8:15  Pylon  
  120  8:17  Photon Cannon  
  120  8:18  Observer  
  127  8:22  Robotics Bay  
  127  8:23  Robotics Facility, Stalker  
  127  8:24  Photon Cannon  
  129  8:39  Observer  
  124  8:43  Probe (Chrono Boost)  
  117  8:53  Probe x2 (Chrono Boost)  
  106  8:55  Probe (Chrono Boost)  
  106  9:03  Extended Thermal Lance  
  106  9:07  Probe x2 (Chrono Boost)  
  106  9:08  Probe (Chrono Boost), Colossus x2  
  109  9:12  Adept x4  
  129  9:24  Photon Cannon  
  129  9:25  Assimilator, Probe x3 (Chrono Boost)  
  129  9:29  Assimilator, Probe (Chrono Boost)  
  129  9:30  Photon Cannon  
  130  9:36  Stalker x3  
  130  9:37  Probe x2 (Chrono Boost), Sentry  
  140  9:44  Probe (Chrono Boost)  
  142  9:46  Probe (Chrono Boost)  
  142  9:51  Protoss Ground Armor Level 2  
  136  10:09  Colossus x2  
  136  10:11  Probe x2 (Chrono Boost)  
  136  10:12  Adept x5  
  136  10:14  Adept x3  
  161  10:22  Probe (Chrono Boost)  
  161  10:32  Forge  
  161  10:35  Probe x3 (Chrono Boost)  
  165  10:36  Probe (Chrono Boost)  
  165  10:42  Stalker x6  
  175  11:07  Adept x8  
  189  11:12  Protoss Ground Weapons Level 2  
  189  11:14  Probe x2 (Chrono Boost)  
  192  11:34  Probe x3 (Chrono Boost), Immortal x2, Photon Cannon  
  192  11:38  Templar Archives  
  200  11:53  Photon Cannon  
  200  11:56  Dark Shrine  
  190  12:23  Adept x3  
  177  12:32  Adept  
  168  12:43  Protoss Ground Armor Level 3  
  164  12:53  Nexus  
  164  12:54  Pylon  
  164  12:56  Probe x3 (Chrono Boost)  
  167  12:59  Stalker x7  
  167  13:02  Psionic Storm  
  180  13:08  Probe (Chrono Boost)  
  180  13:10  Pylon  
  183  13:14  Probe x2 (Chrono Boost), Pylon  
  183  13:17  Pylon  
  187  13:21  High Templar  
  185  13:28  Immortal  
  185  13:32  High Templar x2  
  185  13:33  High Templar x2  
  197  13:42  Protoss Ground Weapons Level 3  
  197  13:44  Nexus  
  197  13:45  Immortal  
  199  14:01  High Templar x2  
  197  14:06  Photon Cannon  
  195  14:13  Photon Cannon  
  195  14:15  Photon Cannon  
  195  14:16  Photon Cannon  
  178  14:30  Adept x6  
  188  14:35  Stalker x2  
  189  15:06  Protoss Shields Level 1  
  168  15:07  Adept x6  
  154  15:15  Colossus  
  154  15:16  Archon  
  154  15:18  Stalker  
  144  15:27  Stalker x7  
  144  15:28  Mothership Core (Chrono Boost)  
  168  15:42  Dark Templar  
  170  15:54  Dark Templar  
  165  16:03  Dark Templar  
  165  16:04  Adept x5  
  160  16:14  Dark Templar  
  160  16:16  Dark Templar  
  156  16:25  Dark Templar  
  154  16:30  High Templar x2  
  154  16:31  High Templar x2  
  160  16:37  Archon  
  150  16:43  Probe (Chrono Boost)  
  150  16:44  Probe x2 (Chrono Boost)  
  151  16:49  Adept  
  151  16:51  Adept  
  153  16:57  Nexus  
  150  17:05  Adept x4  
  150  17:06  Adept  
  156  17:14  Adept x3  
  147  17:33  Adept x5  
  157  17:37  Pylon  
  157  17:42  Adept x3  
  163  17:54  High Templar x2  
  163  17:55  High Templar  
  121  18:21  Adept x3  
  121  18:22  Adept x2  
  106  18:27  Archon  
  102  18:35  Archon  
  102  18:43  High Templar, Adept x4  
  102  18:44  Adept x3  
  106  19:16  Adept x7  
  80  19:41  Stalker x3  
  82  20:00  Nexus  
  80  20:21  Adept x5  
Tags
 
Add a new tag
Caveats
  • Supply blocks, unpowered buildings, or Contaminate may cause inaccurate times.
  • Supply counts are checked every 10 seconds.